 Dungeon Crawl Stone Soup version 0.30.0-10-gfe55d96785 (webtiles) character file.

Game seed: 11883015057296090054

16239 MacCMillion the Grappler (level 12, -1/119 HPs)
             Began as a Troll Fighter on May 14, 2023.
             Was a High Priest of Okawaru.
             Slain by a blink frog (8 damage)
             ... on level 2 of the Lair of Beasts.
             The game lasted 00:22:22 (13630 turns).

MacCMillion the Grappler (Troll Fighter)           Turns: 13630, Time: 00:22:23

Health: -1/119     AC:  9    Str: 31    XL:     12   Next: 8%
Magic:  16/16      EV: 10    Int:  4    God:    Okawaru [*****.]
Gold:   804        SH: 10    Dex:  9    Spells: 11/11 levels left

rFire   . .          .
                       - Unarmed
rCold   . . .        b - +0 kite shield
rNeg    . . .        K - +0 steam dragon scales
rPois   .            (helmet restricted)
rElec   .            y - +1 cloak
rCorr   .            (gloves unavailable)
SInv    .            (boots unavailable)
Will    .....        (no amulet)
Stlth   +            (no ring)
HPRegen 1.19/turn    (no ring)
MPRegen 0.15/turn

%: no passive effects
@: no status effects
A: large, unfitting armour, claws 3, regeneration 1, shaggy fur 1, tough skin 1
a: Renounce Religion, Heroism, Finesse, Duel


You were on level 2 of the Lair of Beasts.
You worshipped Okawaru.
Okawaru was extremely pleased with you.
You visited 3 branches of the dungeon, and saw 14 of its levels.
You also visited: Ossuary.

You collected 881 gold pieces.
You spent 77 gold pieces at shops.

Inventory:

Missiles
 x - 5 javelins
 B - 20 poisoned darts (quivered)
 M - 13 boomerangs
 P - 3 silver javelins
 U - 5 curare-tipped darts
Armour
 a - a +0 robe
 b - a +0 kite shield (worn)
 y - a +1 cloak (worn)
 K - +0 steam dragon scales (worn)
Jewellery
 i - an amulet of magic regeneration
 w - an amulet of reflection
 O - the ring "Zosem" {Contam rPois rC+ Dex+3}
   (You found it on level 10 of the Dungeon)

   [ring of poison resistance]

   Dex:       It affects your dexterity (+3).
   rC:        It protects you from cold.
   rPois:     It protects you from poison.
   Contam:    It causes magical contamination when unequipped.
 S - a ring of see invisible
 T - a ring of protection from fire
Wands
 s - a wand of polymorph (5)
 t - a wand of iceblast (19)
 C - a wand of paralysis (11)
 G - a wand of quicksilver (16)
 L - a wand of flame (24)
Scrolls
 d - 2 scrolls of immolation
 f - 11 scrolls of teleportation
 g - a scroll of noise {unknown}
 j - 3 scrolls of amnesia
 k - 2 scrolls of brand weapon
 l - 2 scrolls of fog {unknown}
 m - 3 scrolls of enchant weapon
 q - 2 scrolls of enchant armour
 u - 5 scrolls of fear
 D - a scroll of blinking {unknown}
 E - 2 scrolls of torment {unknown}
 H - 2 scrolls of vulnerability {unknown}
 I - 2 scrolls of silence {unknown}
 N - 4 scrolls of magic mapping {unknown}
 V - 2 scrolls of identify
Potions
 c - 6 potions of might
 e - 3 potions of mutation
 h - 4 potions of attraction
 n - 5 potions of flight
 o - 2 potions of heal wounds
 p - 8 potions of curing
 r - 2 potions of invisibility
 v - 2 potions of haste
 z - 5 potions of degeneration
 A - 2 potions of cancellation
 F - 3 potions of brilliance
 J - a potion of ambrosia
 Q - a potion of lignification
 R - a potion of magic {unknown}


   Skills:
 + Level 8.0 Fighting
 - Level 5.0 Throwing
 + Level 5.5 Dodging
 + Level 8.8 Shields
 * Level 10.1 Unarmed Combat
 + Level 7.7 Invocations


You had 11 spell levels left.
You didn't know any spells.
Your spell library contained the following spells:

 Spells                   Type           Power      Damage    Failure   Level
 Freeze                   Ice            0%         1d3       67%         1
 Poisonous Vapours        Pois/Air       0%         N/A       80%         2
 Scorch                   Fire           0%         2d5       80%         2
 Static Discharge         Conj/Air       0%         2-2/arc   80%         2
 Sublimation of Blood     Necr           0%         N/A       80%         2
 Wereblood                Tmut           0%         N/A       80%         2
 Frozen Ramparts          Ice            0%         1d1       95%         3
 Hailstorm                Conj/Ice       0%         3d3       95%         3
 Mephitic Cloud           Conj/Pois/Air  0%         N/A       95%         3
 Portal Projectile        Hex/Tloc       0%         N/A       95%         3
 Stone Arrow              Conj/Erth      0%         3d7       95%         3
 Airstrike                Air            0%         2d(0-16)  100%        4
 Flame Wave               Conj/Fire      0%         2d4       100%        4
 Ice Form                 Ice/Tmut       0%         N/A       100%        4
 Blade Hands              Tmut           0%         N/A       100%        5
 Freezing Cloud           Conj/Ice/Air   0%         6-21      100%        5
 Irradiate                Conj/Tmut      0%         3d11      100%        5
 Eringya's Noxious Bog    Tmut/Pois      0%         N/A       100%        6
 Iron Shot                Conj/Erth      0%         9d1       100%        6
 Lehudib's Crystal Spear  Conj/Erth      0%         10d2      100%        8
 Summon Small Mammal      Summ           Unusable   N/A       N/A         1
 Call Canine Familiar     Summ           Unusable   N/A       N/A         3
 Summon Guardian Golem    Hex/Summ       Unusable   N/A       N/A         3
 Tukima's Dance           Hex            Unusable   N/A       N/A         3
 Animate Armour           Summ/Erth      Unusable   N/A       N/A         4
 Summon Lightning Spire   Summ/Air       Unusable   N/A       N/A         4
 Summon Cactus Giant      Summ           Unusable   N/A       N/A         6
 Summon Hydra             Summ           Unusable   N/A       N/A         7

Dungeon Overview and Level Annotations

Branches:
Dungeon (11/15)            Temple (1/1) D:4            Lair (2/5) D:9
    Orc (0/2) D:11        Ossuary (visited)
  Swamp: Lair:2-3    Shoals: Lair:2-3     Snake: Lair:2-3    Spider: Lair:2-3

Altars:
Ashenzari
Cheibriados
Dithmenos
Elyvilon
Fedhas
Gozag
Hepliaklqana
Kikubaaqudgha
Makhleb
Nemelex Xobeh
Okawaru
Qazlal
Ru
Sif Muna
Trog
Uskayaw
Vehumet
Wu Jian
Xom
Yredelemnul
Zin
The Shining One

Shops:
D:5 !   D:9 =   D:11 :

Annotations:
D:5 3 runed translucent doors, P0WERM0DE's ghost, amateur MeMo; justviktor's ghost, novice MiFi


Innate Abilities, Weirdness & Mutations

You are too large for most types of armour.
You have claws for hands.
Your natural rate of healing is unusually fast.
You are covered in fur. (AC +1)
You have tough skin. (AC +1)


Message History

You block the blink frog's attack. The blink frog completely misses you.
The blink frog blinks!
You closely miss the blink frog.
The blink frog is moderately wounded.
You feel sick. You block the blink frog's attack. The blink frog hits you!
The blink frog blinks!
You closely miss the blink frog.
You feel sick.
You are no longer poisoned.
The blink frog barely misses you. The blink frog hits you!
The blink frog blinks!
You claw the blink frog!
The blink frog is moderately wounded.
The blink frog hits you! The blink frog barely misses you.
The blink frog hits you.
You are too injured to fight recklessly!
You are too injured to fight recklessly!
The blink frog attacks as you move away!
The blink frog hits you. You block the blink frog's attack.
The blink frog hits you.
The blink frog attacks as you move away!
The blink frog hits you!
* * * LOW HITPOINT WARNING * * *
The blink frog blinks!
The blink frog blinks!
The blink frog attacks as you move away!
The blink frog barely misses you.
The blink frog attacks as you move away!
You block the blink frog's attack.
The blink frog blinks!
You barely miss the blink frog.
The blink frog is moderately wounded.
The blink frog barely misses you.
The blink frog attacks as you move away!
The blink frog hits you!
* * * LOW HITPOINT WARNING * * *
The blink frog hits you!
* * * LOW HITPOINT WARNING * * *
The blink frog barely misses you. The blink frog hits you!
* * * LOW HITPOINT WARNING * * *
The blink frog hits you!
You die...

#######.#>###............
#P.##..#...##......P.# ).. ##
.......#..##.....)P..###... . #
##.###.................... . ..
#######...##P............#.#.P.
##P..##.####.........#...#...
#..................###.P...#.#.
#.#..##.##.#...#.F###.?........
#..###..#####..#@..##.F..# #.##
##.......[.FF##...#.# #.##
##..........F##..§#.##
#..###.##P##.)...#§###.#..#
#......######............##
#####..# #.#...#..##...# ##.#
###...##.#.#...# #P.#
#..§...........# ##.#
#...#...#..###..#


You could see 4 blink frogs.

Vanquished Creatures
  A boulder beetle (D:11)
  A skyshark (Lair:2)
  Pikel (D:7)
  An orc knight (D:11)
  Maurice (D:10)
  A gargoyle (D:11)
  4 komodo dragons
  2 kobold demonologists (D:11)
  3 trolls
  Grinder (D:3)
  3 wraiths
  28 yaks
  A vampire (D:9)
  3 wyverns
  Grum (D:8)
  2 steam dragons
  An acid dragon (D:10)
  4 water moccasins
  3 black bears
  2 ice beasts (D:6)
  8 orc warriors
  4 ogres
  2 wolves
  6 centaurs
  2 kobold brigands
  A phantom (D:6)
  6 bullfrogs
  A gnoll sergeant (D:7)
  7 wights
  9 killer bees
  3 howler monkeys (D:8)
  4 hounds
  A jelly (D:5)
  15 orc priests
  3 human skeletons (D:7)
  A sleepcap (D:7)
  A gnoll bouda (D:9)
  An iguana (D:6)
  Natasha (D:3)
  Ijyb (D:3)
  19 orc wizards
  9 gnolls
  5 adders
  An ufetubus (D:5)
  An adder zombie (Ossuary)
  A worm (D:4)
  79 orcs
  4 bats
  7 endoplasms
  5 giant cockroaches
  14 goblins
  6 hobgoblins
  10 jackals
  11 quokkas
  5 ball pythons
  2 ball python skeletons (Ossuary)
  5 frilled lizards
  A hobgoblin skeleton (Ossuary)
  A hobgoblin zombie (Ossuary)
  27 kobolds
  A kobold zombie (Ossuary)
  6 orc skeletons
  An orc zombie (Ossuary)
  3 rats (D:1)
365 creatures vanquished.

Vanquished Creatures (others)
  An orc wizard (D:5)
1 creature vanquished.

Grand Total: 366 creatures vanquished

Notes
Turn   | Place    | Note
-------+----------+-------------------------------------------
     0 | D:1      | MacCMillion the Troll Fighter began the quest for the Orb.
     0 | D:1      | Reached XP level 1. HP: 22/22 MP: 0/0
   226 | D:1      | Reached XP level 2. HP: 29/29 MP: 1/1
   950 | D:1      | Reached XP level 3. HP: 36/36 MP: 2/2
  1252 | D:2      | Found a faded altar of an unknown god.
  1792 | D:3      | Reached skill level 3 in Unarmed Combat
  1792 | D:3      | Reached XP level 4. HP: 40/45 MP: 3/3
  1900 | D:3      | Found a hide-covered altar of Uskayaw.
  1988 | D:3      | Reached XP level 5. HP: 53/53 MP: 4/4
  2110 | D:3      | Noticed Grinder
  2111 | D:3      | Paralysed by Grinder for 2 turns
  2342 | D:3      | Paralysed by Grinder for 5 turns
  2354 | D:3      | Killed Grinder
  2355 | D:3      | Reached skill level 4 in Unarmed Combat
  2355 | D:3      | Reached XP level 6. HP: 62/62 MP: 5/5
  2573 | D:3      | Noticed Ijyb
  2583 | D:3      | Killed Ijyb
  2708 | D:3      | Noticed Natasha
  2714 | D:3      | Killed Natasha
  3061 | D:4      | Reached XP level 7. HP: 70/70 MP: 6/6
  3218 | D:4      | Found a staircase to the Ecumenical Temple.
  3238 | Temple   | Entered the Ecumenical Temple
  3681 | D:5      | Entered Level 5 of the Dungeon
  3722 | D:5      | Reached skill level 5 in Shields
  3722 | D:5      | Reached skill level 5 in Unarmed Combat
  3820 | D:6      | Reached skill level 5 in Fighting
  3919 | D:5      | Reached XP level 8. HP: 23/80 MP: 7/7
  4342 | D:5      | Found a runed translucent gate.
  4343 | D:5      | Found a runed translucent gate.
  4343 | D:5      | Found a runed translucent gate.
  4344 | D:5      | Noticed P0WERM0DE's ghost (amateur MeMo)
  4344 | D:5      | Noticed justviktor's ghost (novice MiFi)
  4573 | D:5      | Reached skill level 6 in Unarmed Combat
  4589 | D:5      | Found Pesaj's Distillery.
  5190 | D:5      | Bought a potion of curing for 33 gold pieces
  5190 | D:5      | Bought a potion of might for 44 gold pieces
  5544 | D:6      | Found a shadowy altar of Dithmenos.
  5793 | D:6      | Found a blossoming altar of Fedhas.
  6107 | D:7      | Reached skill level 7 in Unarmed Combat
  6107 | D:7      | Found an iron altar of Okawaru.
  6152 | D:7      | Reached XP level 9. HP: 87/89 MP: 8/8
  6211 | D:7      | Became a worshipper of Warmaster Okawaru
  6411 | D:7      | Reached * piety under Okawaru
  6542 | D:7      | Found a sand-covered staircase.
  6547 | Ossuary  | Entered an ossuary
  6815 | D:7      | Reached skill level 8 in Unarmed Combat
  6868 | D:7      | Noticed Pikel
  6879 | D:7      | Killed Pikel
  6879 | D:7      | Reached ** piety under Okawaru
  6880 | D:7      | Reached XP level 10. HP: 94/102 MP: 6/9
  6956 | D:7      | Found a sparkling altar of Nemelex Xobeh.
  6992 | D:7      | Found a shimmering altar of Xom.
  7010 | D:7      | Found a glowing golden altar of the Shining One.
  7044 | D:7      | Reached skill level 1 in Invocations
  7571 | D:7      | Found a sparkling altar of Nemelex Xobeh.
  7618 | D:7      | Found a shimmering altar of Xom.
  7626 | D:7      | Found a glowing golden altar of the Shining One.
  7934 | D:8      | Identified the +0 ring mail "Dounub" {Slay+2}
  8079 | D:8      | Noticed Grum
  8228 | D:8      | Killed Grum
  8276 | D:8      | Identified the +6 long sword "Haac" {pain, rC+ Dex+3}
  8347 | D:8      | Reached *** piety under Okawaru
  8827 | D:9      | Reached skill level 9 in Unarmed Combat
  8858 | D:9      | Reached skill level 1 in Throwing
  9008 | D:9      | Found a staircase to the Lair.
  9042 | D:9      | Found Eteor's One-of-a-Kind Rings.
  9168 | D:9      | Reached **** piety under Okawaru
  9169 | D:9      | Reached skill level 5 in Dodging
  9238 | D:9      | Got Eniotuetai's Meditations on Kinetic Energy and
                  | Evolution
  9271 | D:9      | Reached XP level 11. HP: 104/110 MP: 12/12
  9547 | D:9      | Received a gift from Okawaru
 10008 | D:10     | Entered Level 10 of the Dungeon
 10227 | D:10     | Identified the ring "Zosem" {Contam rPois rC+ Dex+3}
 10478 | D:10     | Reached ***** piety under Okawaru
 10479 | D:10     | Reached skill level 5 in Invocations
 10586 | D:10     | Noticed Maurice
 10597 | D:10     | Killed Maurice
 10597 | D:10     | Identified the +1 robe of the Wasteland {rN++} (Okawaru
                  | gifted it to you on level 10 of the Dungeon)
 10597 | D:10     | Received a gift from Okawaru
 10809 | D:11     | Found Avoasel's Book Shoppe.
 11394 | D:11     | Noticed a boulder beetle
 11422 | D:11     | Killed a boulder beetle
 11423 | D:11     | Reached skill level 5 in Throwing
 11662 | D:11     | Found a staircase to the Orcish Mines.
 11663 | D:11     | Noticed an orc knight
 11720 | D:11     | Killed an orc knight
 11837 | D:11     | Noticed a sixfirhy
 12529 | Lair:1   | Entered Level 1 of the Lair of Beasts
 12868 | Lair:1   | Reached skill level 10 in Unarmed Combat
 13032 | Lair:1   | Reached XP level 12. HP: 94/119 MP: 16/16
 13374 | Lair:2   | Identified the +5 hand axe "Bicsae" {vamp, Fly rElec Dex+2}
 13630 | Lair:2   | Slain by a blink frog

Illustrated notes

Levels and vault maps discovered:
D:1:      roderic_octagonal_star, layout_basic
D:2:      layout_basic, hellmonk_ecumenical_altar_crossroads,
          minmay_parallelograms
D:3:      kennysheep_goblin_castle, layout_basic,
          nicolae_overflow_hidden_temple, st_stairs_4, dk_noncrumbling_4,
          hangedman_decor_growths, uniq_ijyb, uniq_grinder, uniq_natasha
D:4:      layout_loops_ring, minmay_temple_entry_gardened_gates
D:5:      layout_basic, gammafunk_ghost_cemetery, serial_shops, shop,
          nicolae_figureground_pulse
D:6:      layout_basic, old_standard_altar, kennysheep_little_box
D:7:      layout_cave_pools, grunt_temple_overflow_open,
          nicolae_overflow_crystal_walls, lemuel_crystal_altar,
          nicolae_ossuary_entry_catacombs, uniq_pikel
D:8:      layout_rooms, uniq_grum
D:9:      layout_roguey, david_lair_shrubbed, nicolae_shop_unique_rings,
          kennysheep_pointless_box, chequers_serial_rivers_micro_a, minivault_10
D:10:     layout_basic, minmay_door_square, uniq_maurice
D:11:     layout_long_grid, david_orc_5, serial_shops, nicolae_diamond_shop,
          lemuel_flamethrower_2
Temple:   hellmonk_temple_two_chambers
Lair:1:   layout_chaotic_city, grunt_forest_stairs_basic
Lair:2:   layout_loops_ring, nicolae_shoals_entry_flooding, enter_volcano_4

Skill      XL: |  1  2  3  4  5  6  7  8  9 10 11 12 |
---------------+-------------------------------------+-----
Shields        | 3 4 5 6 7 8 |  8.8
Fighting       | 3 4 5 6 7 8 |  8.0
Unarmed Combat | 3 4 5 7 8 9 10 | 10.1
Dodging        | 4 5 |  5.5
Invocations    | 3 7 |  7.7
Throwing       | 2 5 |  5.0

Action                     |  1- 3 |  4- 6 |  7- 9 | 10-12 || total
---------------------------+-------+-------+-------+-------++-------
  Melee: Unarmed           |   131 |   119 |   380 |   622 ||  1252
  Throw: Dart              |       |       |     4 |     6 ||    10
 Invoke: Heroism           |       |       |     1 |     2 ||     3
         Finesse           |       |       |       |     1 ||     1
    Use: Scroll            |       |       |    11 |     7 ||    18
         Potion            |       |       |       |     2 ||     2
   Stab: Sleeping          |     2 |       |       |       ||     2
 Armour: Robe              |    34 |    25 |   107 |    37 ||   203
         Skin              |       |     3 |       |       ||     3
         Steam dragon scal |       |       |       |    93 ||    93
  Dodge: Dodged            |    34 |    45 |   117 |   190 ||   386
  Block: Kite shield       |    49 |    44 |   157 |   281 ||   531
